 Dungeon Crawl Stone Soup version 0.13.1-2-gfb2c2b7 (webtiles) character file.

13216 Lilouch the Fighter (level 11, 0/88 HPs)
             Began as a Demonspawn Chaos Knight on Dec 11, 2013.
             Was a Plaything of Xom.
             Slain by a seven-headed hydra zombie (5 damage)
             ... on Level 11 of the Dungeon.
             The game lasted 01:28:25 (14556 turns).

Lilouch the Fighter (Demonspawn Chaos Knight)      Turns: 14556, Time: 01:28:25

HP   0/88        AC 14     Str 16      XL: 11   Next: 66%
MP  15/15        EV  7     Int 17 (20) God: Xom
Gold 465         SH 34     Dex 10      Spells:  0 memorised, 10 levels left

Res.Fire  : . . .   See Invis. : .   a - +0,-2 spear (chaos) {=f}
Res.Cold  : . . .   Warding    : .   r - +3 orc leather armour {rPois}
Life Prot.: . . .   Conserve   : .   m - +2 large shield
Res.Poison: +       Res.Corr.  : .   (helmet restricted)
Res.Elec. : .       Clarity    : .   i - +2 dwarf cloak {rPois}
Sust.Abil.: . .     Spirit.Shd : .   O - +0 pair of gauntlets
Res.Mut.  : .       Stasis     : .   (no boots)
Res.Rott. : +       Flight     : .   (no amulet)
Saprovore : + . .                    k - cursed +6 ring of intelligence
                                     I - ring of poison resistance

@: somewhat resistant to hostile enchantments, very unstealthy
A: antennae 1, talons 2, blurry vision 2, demonic guardian 1, foul stench 1,
saprovore 1, screaming 2, AC +3, Dex -2
a: Renounce Religion


You were on level 11 of the Dungeon.
You worshipped Xom.
You were a beloved toy of Xom.
You were very hungry.

You visited 2 branches of the dungeon, and saw 14 of its levels.

You collected 445 gold pieces.

Inventory:

Hand weapons
 a - a +0,-2 spear of chaos (weapon) {=f}
 q - a +1,+0 dagger of chaos
 D - a +0,+1 whip of electrocution
 X - a +0,+0 crossbow
Missiles
 n - 8 javelins (quivered)
 w - 13 darts of frost
 E - 38 bolts
 Q - a throwing net
Armour
 b - a +1 dwarven shield
 i - a +2 dwarven cloak of poison resistance (worn)
 m - a +2 large shield (worn)
 r - a +3 orcish leather armour of poison resistance (worn)
 s - a +1 dwarven helmet
 y - a +0 leather armour of fire resistance
 L - a +0 orcish plate armour
 O - a +0 pair of gauntlets (worn)
Magical devices
 g - a wand of cold (6) {unknown}
 x - a wand of magic darts (7)
 V - a wand of flame (17)
 Y - a wand of flame (20)
Comestibles
 c - 4 bread rations
 o - a pear
 p - 3 meat rations
 v - a sausage
Scrolls
 d - a scroll of recharging {unknown}
 e - 2 scrolls of teleportation
 f - 2 scrolls of amnesia
 h - 5 scrolls of identify
 j - a scroll of blinking
 t - a scroll of fear {unknown}
 u - a scroll of enchant weapon I {unknown}
 A - 2 scrolls of magic mapping
 G - a scroll of fog {unknown}
 H - a scroll of remove curse
 J - 3 scrolls of curse armour {unknown}
 K - a scroll of immolation {unknown}
 N - 2 scrolls of random uselessness {unknown}
 P - a scroll of enchant armour {unknown}
 S - a scroll of vulnerability {unknown}
 U - a scroll of enchant weapon II {unknown}
 W - a scroll of noise {unknown}
Jewellery
 k - a cursed +6 ring of intelligence (right hand)
 z - an uncursed amulet of inaccuracy {unknown}
 I - a ring of poison resistance (left hand)
Potions
 B - a potion of restore abilities
 F - a potion of magic {unknown}
 M - a potion of berserk rage {unknown}
 T - a potion of agility {unknown}
Books
 R - a book of Maledictions

   Spells                             Type                      Level
   Corona                             Hexes                        1
   Sure Blade                         Hexes/Charms                 2
   Ensorcelled Hibernation            Hexes/Ice                    2
   Confuse                            Hexes                        3
   Enslavement                        Hexes                        4
   Invisibility                       Hexes                        6
Miscellaneous
 C - a plain deck of wonders {drawn: 3}


   Skills:
 * Level 12.9 Fighting
 - Level 5.6 Polearms
 - Level 5.5 Armour
 - Level 0.8 Dodging
 + Level 9.6 Shields
   Level 3.0 Fire Magic
 - Level 2.1 Evocations


You had 10 spell levels left.
You didn't know any spells.

Dungeon Overview and Level Annotations

Branches:
Dungeon (13/27)            Temple (1/1) D:5             Orc (0/4) D:7
   Lair: D:8-13

Altars:
Ashenzari
Cheibriados
Kikubaaqudgha
Makhleb
Nemelex Xobeh
Okawaru
Xom

Shops:
D:12 /+

Annotations:
D:7 Edmund, Sigmund
D:9 Erolcha


Innate Abilities, Weirdness & Mutations

You have razor-sharp toenails.
You are mostly covered in slimy green scales (AC +3).
A weak demonic guardian rushes to your aid.
You emit a foul stench, and are resistant to rotting and decay.
You can tolerate rotten meat.
You have a pair of small antennae on your head.
Your vision is quite blurry.
You are clumsy. (Dex -2)
You sometimes yell uncontrollably.


Message History

Press: ? - help, Dir - move target cursor, f/p - seven-headed hydra zombie
Aim: a seven-headed hydra zombie You reach to attack!
You hit the seven-headed hydra zombie.
You block the seven-headed hydra zombie's attack.
The seven-headed hydra zombie bites you.
* * * LOW HITPOINT WARNING * * *
You emit a cloud of foul miasma!
The seven-headed hydra zombie bites you but does no damage.
You block the seven-headed hydra zombie's attack.
The seven-headed hydra zombie bites you but does no damage.
You block the seven-headed hydra zombie's attack.
The seven-headed hydra zombie bites you!
* * * LOW HITPOINT WARNING * * *
You block the seven-headed hydra zombie's attack.
The seven-headed hydra zombie bites you but does no damage.
The seven-headed hydra zombie bites you.
* * * LOW HITPOINT WARNING * * *
The seven-headed hydra zombie bites you.
You die...
Xom yawns loudly!

####### ######## #.....#
#......##########.....#
#%..ยง..................
#....Z@##.#######.....#
#......##.# #.....#
#####.###.# ####### #.#
#.# #.# ..< #.# ... #.#
... p #.# ... #.#


You could see a seven-headed hydra zombie.

Vanquished Creatures
  A hill giant (D:12)
  A wolf spider zombie (D:12)
  A cyclops (D:11)
  Psyche (D:13)
  A fire drake (D:12)
  A troll (D:12)
  A baby alligator (shapeshifter) (D:13)
  A raven (D:5)
  The ghost of Lilouch the Fighter, an experienced DsCK of Xom (D:6)
  A wyvern (D:10)
  3 shadows
  A neqoxec (D:11)
  A necrophage (D:6)
  2 soldier ants (D:12)
  2 sky beasts
  A yellow wasp (D:8)
  6 orc warriors
  3 phantoms
  2 ice beasts (D:5)
  A boring beetle (D:12)
  3 giant frogs
  3 ogres
  2 wargs (D:7)
  2 centaurs
  A steam dragon (D:8)
  Blork the orc (D:7)
  A big kobold (D:12)
  A water moccasin (D:7)
  A manticore zombie (D:11)
  An eye of draining (D:11)
  2 jellies
  A goliath beetle (D:9)
  A crimson imp (D:6)
  2 iron imps
  8 orc wizards
  A quasit (D:5)
  3 orc priests
  3 hounds
  2 scorpions
  An iguana (D:5)
  8 worker ants
  A sheep (D:11)
  Ijyb (D:3)
  Jessica (D:3)
  A hound zombie (D:5)
  A mummy (D:12)
  A boggart (shapeshifter) (D:11)
  3 adders
  A giant centipede (D:6)
  3 lemures
  A shadow imp (D:11)
  11 gnolls
  3 giant mites
  An inept feature mimic (D:5)
  A white imp (D:11)
  A worm (shapeshifter) (D:13)
  2 ufetubi
  A giant eyeball (D:11)
  5 giant geckos
  32 orcs
  11 bats
  A bat zombie (D:6)
  4 giant cockroaches
  15 hobgoblins
  8 jackals
  26 kobolds
  2 quokkas
  2 ball pythons (D:1)
  A giant cockroach zombie (D:5)
  4 giant newts
  A giant spore (D:13)
  15 goblins
  A kobold zombie (D:7)
  An orc zombie (D:6)
  A quokka skeleton (D:6)
  13 rats
  2 ballistomycetes (D:13)
259 creatures vanquished.

Vanquished Creatures (collateral kills)
  A hill giant (D:12)
  Pikel (D:5)
  A hungry ghost (D:11)
  A necrophage (D:6)
  A soldier ant (D:10)
  A phantom (D:4)
  A centaur (D:12)
  A giant frog (D:11)
  A crimson imp (D:4)
  2 quasits
  An orc priest (D:7)
  3 worker ants (D:10)
  A sheep (D:11)
  A giant mite (D:5)
  2 orcs
  A goblin (D:3)
  A kobold (D:10)
  A rat (D:7)
22 creatures vanquished.

Vanquished Creatures (others)
  A centaur (D:12)
  A manticore zombie (D:11)
  13 crimson imps
  10 iron imps
  A soldier ant zombie (D:10)
  A sheep (D:11)
  A goliath beetle (D:11)
  19 lemures
  22 white imps
  17 ufetubi
  2 orcs
  A kobold zombie (D:12)
  A rat zombie (D:1)
90 creatures vanquished.

Grand Total: 371 creatures vanquished

Notes
Turn   | Place    | Note
--------------------------------------------------------------
     0 | D:1      | Lilouch, the Demonspawn Chaos Knight, began the quest for the Orb.
     0 | D:1      | Reached XP level 1. HP: 16/16 MP: 1/1
   162 | D:1      | XOM: harmless Summ miscast
   204 | D:1      | Gained mutation: You are partially covered in slimy green scales (AC +2). [demonic ancestry]
   204 | D:1      | Reached XP level 2. HP: 22/22 MP: 2/2
   313 | D:1      | XOM: harmless Chrm miscast
   407 | D:1      | XOM: harmless Pois miscast
   600 | D:1      | XOM: colour smoke trail
   651 | D:1      | Gained mutation: A weak demonic guardian rushes to your aid. [demonic ancestry]
   651 | D:1      | Reached XP level 3. HP: 28/28 MP: 3/3
  1026 | D:2      | Reached skill level 4 in Fighting
  1106 | D:2      | XOM: silly message
  1197 | D:2      | XOM: harmless Conj miscast
  1497 | D:2      | XOM: enchant monster (good)
  1517 | D:2      | Reached skill level 1 in Shields
  1517 | D:2      | Gained mutation: You can tolerate rotten meat. [demonic ancestry]
  1517 | D:2      | Reached XP level 4. HP: 8/35 MP: 4/4
  2010 | D:3      | Noticed Ijyb
  2045 | D:3      | Killed Ijyb
  2365 | D:3      | Noticed an ogre
  2374 | D:3      | XOM: potion effect (berserk)
  2376 | D:3      | Killed an ogre
  2376 | D:3      | Reached skill level 5 in Fighting
  2376 | D:3      | Reached XP level 5. HP: 41/41 MP: 5/5
  2426 | D:3      | Noticed Jessica
  2670 | D:3      | XOM: harmless Necr miscast
  2714 | D:3      | XOM: mild Summ miscast
  2715 | D:3      | Noticed a spatial vortex
  2823 | D:3      | XOM: severe Divn miscast
  2864 | D:3      | Killed Jessica
  3170 | D:4      | XOM: give mutation
  3170 | D:4      | Gained mutation: Your vision is a little blurry. [Xom's mischief]
  3333 | D:4      | XOM: harmless Fire miscast
  3365 | D:4      | XOM: harmless Tloc miscast
  3421 | D:4      | Found an iron altar of Okawaru.
  3450 | D:5      | Entered Level 5 of the Dungeon
  3465 | D:5      | Gained mutation: You are mostly covered in slimy green scales (AC +3). [demonic ancestry]
  3465 | D:5      | Reached XP level 6. HP: 48/48 MP: 6/6
  3482 | D:5      | Found a staircase to the Ecumenical Temple.
  3502 | Temple   | Entered the Ecumenical Temple
  3551 | D:5      | Reached skill level 6 in Fighting
  3556 | D:5      | Noticed a slave
  3557 | D:5      | Noticed Pikel
  3581 | D:4      | Noticed a phantom
  3684 | D:4      | Killed a phantom
  3927 | D:4      | Found a burning altar of Makhleb.
  3927 | D:4      | Found a shattered altar of Ashenzari.
  3934 | D:4      | Found a sparkling altar of Nemelex Xobeh.
  4029 | D:4      | XOM: summons 3 hostile demons
  4204 | D:4      | Found a snail-covered altar of Cheibriados.
  4204 | D:4      | Found an ancient bone altar of Kikubaaqudgha.
  4516 | D:5      | Noticed a phantom
  4561 | D:5      | XOM: potion effect (speed)
  4564 | D:5      | XOM: silly message
  4587 | D:5      | Killed a phantom
  4587 | D:5      | Gained mutation: You have sharp toenails. [demonic ancestry]
  4587 | D:5      | Reached XP level 7. HP: 39/54 MP: 7/7
  4669 | D:5      | Noticed a sky beast
  4685 | D:5      | Killed a sky beast
  4685 | D:5      | Reached skill level 7 in Fighting
  4687 | D:5      | XOM: divination: detect creatures
  4850 | D:5      | Noticed an ice beast
  4857 | D:5      | XOM: harmless Pois miscast
  4860 | D:5      | XOM: divination: detect items
  4869 | D:5      | XOM: summons friendly crimson imp
  4880 | D:5      | XOM: divination: detect items
  4914 | D:5      | Killed an ice beast
  5060 | D:5      | XOM: medium Necr miscast
  5375 | D:5      | Noticed a slave
  5382 | D:5      | Noticed a raven
  5382 | D:5      | a slave changed into a raven
  5389 | D:5      | Killed a raven
  5488 | D:5      | Noticed a slave
  5489 | D:5      | Noticed a slave
  5489 | D:5      | Noticed an ice beast
  5501 | D:5      | Killed an ice beast
  5501 | D:5      | Reached skill level 8 in Fighting
  5531 | D:5      | XOM: divination: detect creatures
  5547 | D:5      | XOM: 8-stop teleportation journey
  5554 | D:5      | XOM: silly message
  5561 | D:5      | XOM: summons 2 friendly demons
  5563 | D:5      | XOM: enchant monster (bad)
  5568 | D:5      | Killed Pikel
  5568 | D:5      | Reached XP level 8. HP: 32/63 MP: 8/8
  5692 | D:5      | XOM: medium Pois miscast
  5849 | D:6      | XOM: polymorph rat -> giant centipede
  5948 | D:7      | Reached skill level 9 in Fighting
  5959 | D:7      | Reached skill level 5 in Shields
  6314 | D:7      | Found a staircase to the Orcish Mines.
  6315 | D:7      | XOM: severe Summ miscast
  6316 | D:7      | Noticed a shadow demon
  6318 | D:7      | Noticed a sixfirhy
  6593 | D:7      | Noticed Blork the orc
  6602 | D:7      | Killed Blork the orc
  6616 | D:7      | Noticed Sigmund
  6643 | D:7      | Noticed an orange demon
  6643 | D:7      | Noticed an orange demon
  6735 | D:6      | XOM: mild Ice miscast
  6759 | D:6      | XOM: divination: detect items
  7027 | D:7      | Noticed a human
  7038 | D:7      | XOM: 1-stop teleportation journey
  7050 | D:7      | XOM: potion effect (invisibility)
  7053 | D:7      | Noticed a sixfirhy
  7091 | D:6      | Reached skill level 10 in Fighting
  7429 | D:6      | Noticed Lilouch's ghost (experienced DsCK)
  7434 | D:6      | XOM: enchant monster (good)
  7440 | D:6      | XOM: enchant monster (good)
  7441 | D:6      | Gained mutation: You emit a foul stench, and are resistant to rotting and decay. [demonic ancestry]
  7441 | D:6      | Reached XP level 9. HP: 71/71 MP: 9/9
  7480 | D:6      | Killed Lilouch's ghost
  7784 | D:6      | XOM: divination: detect items
  7901 | D:6      | XOM: harmless Chrm miscast
  7936 | D:6      | You fall through a shaft!
  7936 | D:8      | XOM: mild Trmt miscast
  8600 | D:7      | XOM: cast spell 'Confusing Touch'
  8610 | D:7      | HP: 3/72 [it/magic dart (8)]
  8612 | D:7      | XOM: confuse monster(s)
  9168 | D:6      | XOM: god gift: plain deck of cards {god gift}
  9215 | D:6      | XOM: scenery: create altars
  9290 | D:5      | Found a burning altar of Makhleb.
  9456 | D:6      | XOM: mild Fire miscast
  9575 | D:7      | Noticed Edmund
  9582 | D:7      | XOM: inner flame monster(s)
  9660 | D:7      | Reached skill level 1 in Fire Magic
  9660 | D:7      | XOM: cast spell 'Confusing Touch'
  9700 | D:7      | Reached skill level 11 in Fighting
  9932 | D:9      | XOM: enchant monster (bad)
 10092 | D:9      | XOM: mild Ice miscast
 10113 | D:9      | XOM: mild Pois miscast
 10175 | D:9      | XOM: silly message
 10184 | D:9      | XOM: silly message
 10258 | D:9      | Noticed Erolcha
 10315 | D:10     | Entered Level 10 of the Dungeon
 10327 | D:10     | Found an ancient bone altar of Kikubaaqudgha.
 10528 | D:9      | Noticed an elephant
 10534 | D:9      | Noticed an elephant
 10823 | D:10     | XOM: cast spell 'Spider Form'
 10878 | D:10     | XOM: summons 6 friendly demons
 10908 | D:10     | Noticed a hill giant
 10916 | D:10     | XOM: swap monsters
 10917 | D:10     | Noticed a queen ant
 10928 | D:10     | You fall through a shaft!
 11129 | D:13     | Gained mutation: You have razor-sharp toenails. [demonic ancestry]
 11129 | D:13     | Reached XP level 10. HP: 37/80 MP: 13/13
 11543 | D:12     | Found Jualynag's Magical Wand Boutique.
 11682 | D:12     | XOM: summons friendly ufetubus
 11720 | D:12     | XOM: divination: magic mapping
 11920 | D:13     | XOM: cast spell 'Flight'
 11924 | D:12     | Found Jeodag Goa's Book Emporium.
 12098 | D:12     | XOM: summons 5 hostile demons
 12407 | D:12     | XOM: vitrification
 12426 | D:12     | XOM: divination: detect creatures
 12445 | D:12     | XOM: vitrification
 12454 | D:12     | XOM: swap monsters
 12455 | D:12     | XOM: inner flame monster(s)
 12464 | D:12     | HP: 3/80 [centaur/exploding inner flame[Xom] (44)]
 12464 | D:12     | Reached skill level 12 in Fighting
 12487 | D:12     | Noticed a hill giant
 12503 | D:12     | XOM: give mutations
 12503 | D:12     | Gained mutation: You are clumsy. (Dex -2) [Xom's mischief]
 12503 | D:12     | Gained mutation: You occasionally shout uncontrollably. [Xom's mischief]
 12523 | D:12     | XOM: swap monsters
 12529 | D:12     | Killed a hill giant
 12745 | D:12     | Noticed a hill giant
 12765 | D:12     | XOM: potion effect (experience)
 12765 | D:12     | Reached skill level 5 in Polearms
 12765 | D:12     | Reached skill level 5 in Armour
 12765 | D:12     | Reached XP level 11. HP: 73/87 MP: 15/15
 12955 | D:13     | XOM: noise
 13087 | D:13     | XOM: enchant monster (bad)
 13285 | D:13     | Noticed Psyche
 13291 | D:13     | XOM: confuse monster(s)
 13303 | D:13     | XOM: potion effect (invisibility)
 13306 | D:13     | Killed Psyche
 13324 | D:13     | Noticed a centaur warrior
 13338 | D:12     | XOM: summons friendly ufetubus
 13349 | D:12     | Killed a hill giant
 13450 | D:12     | XOM: silly message
 13700 | D:11     | XOM: divination: magic mapping
 13703 | D:11     | XOM: polymorph crimson imp -> iron imp
 13719 | D:11     | Gained mutation: Your vision is quite blurry. [mutagenic meat]
 13720 | D:11     | Gained mutation: You have a pair of small antennae on your head. [mutagenic meat]
 13764 | D:11     | Paralysed by a giant eyeball for 3 turns
 13772 | D:11     | Paralysed by a giant eyeball for 2 turns
 13781 | D:11     | XOM: summons 2 hostile demons
 13787 | D:11     | Gained mutation: You sometimes yell uncontrollably. [a neqoxec]
 13986 | D:11     | XOM: silly message
 13988 | D:11     | XOM: divination: detect creatures
 14011 | D:11     | XOM: divine lightning (protected)
 14019 | D:11     | XOM: swap monsters
 14122 | D:11     | XOM: confuse monster(s)
 14431 | D:11     | Noticed a hill giant
 14514 | D:11     | XOM: enchant monster (good)
 14556 | D:11     | Slain by a seven-headed hydra zombie

Action                   |  1- 3 |  4- 6 |  7- 9 | 10-12 || total
-------------------------+-------+-------+-------+-------++-------
Melee: Spear             |    54 |   296 |   731 |   503 ||  1584
       Whip              |   183 |       |       |       ||   183
       Unarmed           |       |       |     5 |       ||     5
 Fire: Crossbow          |       |       |       |     3 ||     3
Throw: Javelin           |       |       |       |     1 ||     1
Evoke: Wand              |       |       |     6 |       ||     6
       Deck              |       |       |     3 |       ||     3
  Use: Potion            |     1 |       |     3 |     5 ||     9
       Scroll            |     1 |     6 |    11 |       ||    18
 Stab: Petrifying        |     1 |       |     2 |       ||     3
       Paralysed         |       |     6 |    19 |    24 ||    49
       Confused          |       |       |     3 |     2 ||     5
       Invisible         |       |       |     3 |     4 ||     7
       Petrified         |       |       |     2 |       ||     2
       Distracted        |       |       |     1 |     1 ||     2
